Map: Ulrena

Players

Magno

  • Race: Protoss Protoss
  • League: Silver

ronaldd - Winner!

  • Race: Zerg Zerg
  • League: Silver

VOD

Have the link to the VOD?

Description

Time

  • Played on: Nov. 23, 2015, 9:39 p.m.
  • Length: 11:22
Show
View Real Time Build Order
Export as new Build Order

Magno Protoss 

Build Orders: 1 Gate Expand, Double Forge 

Get SALT Encoding   

  12  0:03  Probe (Chrono Boost)  
  13  0:18  Probe (Chrono Boost), Pylon  
  14  0:28  Probe (Chrono Boost)  
  15  0:39  Gateway  
  15  0:41  Probe (Chrono Boost)  
  16  0:52  Probe (Chrono Boost)  
  17  1:02  Probe (Chrono Boost)  
  18  1:15  Probe (Chrono Boost)  
  18  1:17  Assimilator  
  19  1:39  Probe (Chrono Boost), Nexus  
  20  1:48  Assimilator  
  20  1:54  Cybernetics Core  
  20  1:55  Pylon  
  20  2:07  Probe (Chrono Boost)  
  21  2:18  Probe (Chrono Boost), Pylon  
  22  2:28  Probe (Chrono Boost)  
  23  2:32  Warp Gate (Chrono Boost)  
  24  2:49  Twilight Council  
  24  2:51  Mothership Core (Chrono Boost)  
  24  2:55  Adept (Chrono Boost)  
  27  3:10  Probe  
  27  3:12  Probe  
  29  3:14  Forge  
  29  3:16  Forge  
  29  3:22  Adept (Chrono Boost)  
  29  3:27  Resonating Glaives  
  31  3:33  Probe x2  
  33  3:56  Pylon  
  33  3:57  Protoss Ground Weapons Level 1 (Chrono Boost)  
  33  3:59  Protoss Ground Armor Level 1 (Chrono Boost)  
  29  4:12  Zealot (Chrono Boost)  
  25  4:39  Adept (Chrono Boost)  
  25  5:18  Adept  
  25  5:20  Gateway  
  27  5:22  Gateway  
  27  5:36  Probe  
  28  5:48  Probe  
  29  5:51  Adept  
  31  5:58  Protoss Ground Armor Level 2 (Chrono Boost)  
  31  6:00  Protoss Ground Weapons Level 2 (Chrono Boost)  
  31  6:15  Adept x2  
  31  6:16  Pylon  
  31  6:18  Adept  
  37  6:37  Pylon  
  37  6:40  Pylon  
  37  6:41  Pylon  
  37  6:42  Pylon  
  33  7:01  Adept x2  
  33  7:02  Adept  
  31  7:20  Adept  
  31  7:21  Adept, Robotics Facility  
  31  7:22  Adept  
  37  7:42  Adept x2  
  37  7:43  Adept  
  43  8:05  Nexus  
  43  8:08  Sentry  
  45  8:23  Adept x2  
  44  8:43  Adept x2  
  44  8:44  Adept  
  44  8:56  Adept  
  38  9:38  Pylon  
  34  9:45  Pylon  
  34  9:46  Pylon  
  19  10:06  Adept x3  
  8  10:29  Adept x2  
  8  10:30  Adept  
  11  10:53  Sentry  
Show
View Real Time Build Order
Export as new Build Order

ronaldd Zerg - Winner!

Build Orders: 3 Hatch before Pool 

Get SALT Encoding   

  12  0:02  Drone  
  13  0:13  Overlord  
  13  0:23  Drone  
  14  0:32  Drone x2  
  16  1:01  Drone  
  16  1:02  Drone  
  18  1:19  Hatchery  
  18  1:20  Drone  
  18  1:28  Drone  
  18  1:29  Hatchery  
  18  1:44  Spawning Pool  
  17  1:49  Drone, Extractor  
  17  1:50  Drone  
  18  1:55  Drone  
  19  2:02  Drone  
  20  2:13  Overlord  
  20  2:23  Drone  
  21  2:35  Queen  
  23  2:37  Queen  
  23  2:39  Overlord  
  25  2:45  Drone x2  
  25  2:48  Drone  
  28  2:59  Drone  
  28  3:01  Drone  
  28  3:04  Queen  
  32  3:10  Zergling x2  
  33  3:13  Zergling x4  
  33  3:16  Zergling x2  
  36  3:24  Metabolic Boost  
  36  3:26  Zergling x4  
  38  3:31  Zergling x2  
  38  3:32  Zergling x2  
  38  3:33  Zergling x2  
  41  3:40  Zergling x4  
  43  3:44  Drone  
  43  3:45  Drone  
  45  4:00  Zergling x8  
  48  4:10  Zergling x2  
  47  4:20  Overlord x2  
  47  4:23  Zergling x4  
  46  4:38  Overlord x2  
  44  4:39  Zergling x4  
  46  4:47  Zergling x2  
  46  4:49  Zergling x8  
  46  4:50  Zergling x4  
  53  5:02  Zergling x4  
  53  5:03  Zergling x2  
  49  5:25  Lair  
  49  5:26  Roach Warren  
  49  5:27  Drone  
  49  5:28  Drone x2, Extractor  
  50  5:29  Drone x3  
  50  5:30  Hatchery  
  50  5:31  Drone  
  50  5:32  Drone x3  
  56  5:36  Drone  
  55  5:55  Drone x4  
  58  5:59  Drone x2  
  58  6:03  Extractor  
  59  6:04  Zergling x4, Extractor  
  59  6:06  Zergling x2  
  59  6:08  Drone x5  
  59  6:09  Drone  
  67  6:12  Drone  
  67  6:13  Drone x2  
  70  6:23  Glial Reconstitution  
  70  6:26  Roach x3  
  70  6:28  Roach x2  
  70  6:30  Roach  
  82  6:33  Overseer  
  82  6:38  Extractor  
  81  6:40  Overlord x2, Extractor  
  81  6:41  Overlord  
  70  7:04  Roach x6  
  70  7:06  Roach x3  
  70  7:07  Roach  
  86  7:13  Queen  
  86  7:14  Roach  
  86  7:15  Roach x2  
  94  7:20  Roach x3  
  101  7:22  Drone  
  101  7:23  Drone x3  
  101  7:28  Roach x2  
  108  7:31  Hydralisk Den  
  107  7:39  Roach x2  
  107  7:40  Overlord  
  111  7:52  Overlord x3  
  111  7:53  Overlord x2  
  111  8:00  Roach x3  
  117  8:05  Muscular Augments  
  117  8:08  Drone x2  
  117  8:10  Overlord  
  108  8:53  Roach  
  108  8:54  Roach x5  
  112  9:06  Roach x5  
  92  9:46  Roach x3  
  92  9:49  Hydralisk  
  92  9:50  Hydralisk x2  
  98  10:06  Hydralisk x5, Roach  
  106  10:09  Hydralisk x2  
  106  10:12  Hydralisk  
  106  10:13  Hydralisk x4  
  100  10:54  Roach x5  
  100  10:55  Roach x3  
Tags
 
Add a new tag
Caveats
  • Supply blocks, unpowered buildings, or Contaminate may cause inaccurate times.
  • Supply counts are checked every 10 seconds.